 Dungeon Crawl Stone Soup version 0.22-a0-254-gaf95ca0 (webtiles) character file.

349 RoseArtemis the Skirmisher (level 6, -1/56 HPs)
             Began as a Minotaur Fighter on Mar 5, 2018.
             Slain by a killer bee (2 damage)
             ... on level 5 of the Dungeon.
             The game lasted 00:06:56 (3871 turns).

RoseArtemis the Skirmisher (Minotaur Fighter)       Turns: 3871, Time: 00:06:57

Health: -1/56      AC:  8    Str: 27    XL:     6   Next: 33%
Magic:  5/5        EV:  8    Int:  5    God:
Gold:   215        SH: 10    Dex: 10    Spells: 5/5 levels left

rFire    . . .     SeeInvis .   a - +0 war axe
rCold    + . .     Gourm    .   c - +0 shield
rNeg     . . .     Faith    .   b - +0 scale mail
rPois    .         Spirit   .   (helmet restricted)
rElec    .         Reflect  .   g - +0 cloak
rCorr    .         Harm     .   (no gloves)
MR       .....                  (no boots)
Stlth    ..........             (no amulet)
HPRegen  0.18/turn              i - ring of protection from cold
MPRegen  0.09/turn              (no ring)

@: mighty, lethally poisoned (-1 -> -16)
A: retaliatory headbutt, horns 2
a: no special abilities


You were on level 5 of the Dungeon.
You were not hungry.

You visited 1 branch of the dungeon, and saw 5 of its levels.

You collected 215 gold pieces.

Inventory:

Hand Weapons
 a - a +0 war axe (weapon)
Armour
 b - a +0 scale mail (worn)
 c - a +0 shield (worn)
 g - a +0 cloak (worn)
Jewellery
 i - a ring of protection from cold (left hand)
 l - an uncursed ring of wizardry
 y - an uncursed ring of resist corrosion {unknown}
 C - an uncursed ring of resist corrosion {unknown}
Wands
 o - a wand of iceblast (6)
 u - a wand of flame (20)
 A - a wand of disintegration (9)
 B - a wand of polymorph (12)
Scrolls
 e - a scroll of random uselessness {unknown}
 h - a scroll of enchant weapon {unknown}
 j - a scroll of blinking {unknown}
 k - 3 scrolls of teleportation
 n - a scroll of noise {unknown}
 p - a scroll of fog
Potions
 m - a potion of agility {unknown}
 q - a potion of haste {unknown}
 r - a potion of brilliance {unknown}
 s - a potion of lignification {unknown}
 v - 2 potions of flight
 w - a potion of resistance {unknown}
 x - a potion of mutation {unknown}
 z - a potion of curing {unknown}
Comestibles
 f - 3 rations


   Skills:
 + Level 5.3 Fighting
 + Level 4.5 Axes
 + Level 5.3 Armour
 + Level 5.3 Shields


You had 5 spell levels left.
You didn't know any spells.

Dungeon Overview and Level Annotations

Branches:
Dungeon (5/15)
 Temple: D:4-7

Altars:
Ashenzari
Uskayaw

Shops:
D:4 :


Innate Abilities, Weirdness & Mutations

You reflexively headbutt those who attack you in melee.
You have a pair of horns on your head.


Message History

You feel sick. The killer bee stings you.
* * * LOW HITPOINT WARNING * * *
* * * LOW HITPOINT WARNING * * *
You feel sick. The killer bee stings you.
* * * LOW HITPOINT WARNING * * *
You are more poisoned.
The killer bee poisons you! You block the killer bee's attack.
* * * LOW HITPOINT WARNING * * *
You feel very sick. You block the killer bee's attack.
* * * LOW HITPOINT WARNING * * *
You feel sick. You block the killer bee's attack.
* * * LOW HITPOINT WARNING * * *
You feel sick.
There is an escape hatch in the floor here.
* * * LOW HITPOINT WARNING * * *
You feel sick. The killer bee barely misses you.
* * * LOW HITPOINT WARNING * * *
You feel sick. The killer bee stings you.
You die...

# #. #....#8 ##.
#.....###+#### ##..
#.............
######..####.....#....#.##
........<@.# ... #.#.#....
#####..##y# #.# #.#..#y##
##..#y###.###.##.#.#
##...y.y..##.##.#.#
##..###....†.....#
##..###.####..###
###.##.###.####..#
..................#
...##...##..####.##


You could see 3 killer bees.

Vanquished Creatures
  A scorpion (D:4)
  2 killer bees (D:5)
  A centaur skeleton (D:4)
  A hound (D:4)
  A worker ant (D:4)
  A hound skeleton (D:4)
  3 gnolls (D:2)
  3 adders
  An ooze (D:3)
  An adder skeleton (D:4)
  2 dart slugs
  4 giant cockroaches
  5 goblins
  3 hobgoblins
  8 kobolds
  2 quokkas (D:2)
  7 bats
  11 frilled lizards
  4 rats
61 creatures vanquished.

Notes
Turn   | Place    | Note
-------+----------+-------------------------------------------
     0 | D:1      | RoseArtemis the Minotaur Fighter began the quest for the Orb.
     0 | D:1      | Reached XP level 1. HP: 19/19 MP: 0/0
   234 | D:1      | Reached XP level 2. HP: 27/27 MP: 1/1
   974 | D:2      | Found a shattered altar of Ashenzari.
  1026 | D:2      | Reached XP level 3. HP: 29/33 MP: 2/2
  1526 | D:2      | Reached XP level 4. HP: 40/40 MP: 3/3
  1876 | D:3      | Noticed a dagger
  1876 | D:3      | Noticed a dagger
  1877 | D:3      | Found a hide-covered altar of Uskayaw.
  2508 | D:4      | Found a transporter.
  2524 | D:4      | Found a transporter.
  2598 | D:4      | Reached XP level 5. HP: 30/47 MP: 4/4
  2878 | D:4      | Reached skill level 5 in Armour
  2938 | D:4      | Reached skill level 5 in Fighting
  2938 | D:4      | Reached skill level 5 in Shields
  3165 | D:4      | Found Lastrilih's Book Boutique.
  3498 | D:5      | Entered Level 5 of the Dungeon
  3558 | D:5      | Reached XP level 6. HP: 28/56 MP: 5/5
  3870 | D:5      | HP: 2/56 [poisoned by a killer bee]
  3871 | D:5      | Slain by a killer bee

Vault maps used:
D:1:      minmay_arrival_stair_chambers, minmay_lizard_pond
D:2:      evilmike_ruin_ashenzari
D:3:      dancing_weapons_uskayaw
D:4:      gammafunk_wand_slinger, serial_shops, kennysheep_mini_moat
D:5:      minmay_temple_entry_junction, first_ration, minivault_1,
          minmay_parallelograms, vehumet_altar_wand_db, uniq_pikel

Skill      XL: |  1  2  3  4  5 |
---------------+----------------+-----
Fighting       | 4 5 |  5.3
Armour         | 4 5 |  5.3
Shields        | 4 5 |  5.3
Axes           | 3 4 |  4.5

Action                   |  1- 3 |  4- 6 || total
-------------------------+-------+-------++-------
Melee: War axe           |    81 |   103 ||   184
       Headbutt          |    11 |    18 ||    29
  Use: Scroll            |       |     6 ||     6
       Potion            |       |     5 ||     5
  Eat: Chunk             |     2 |     5 ||     7
       Ration            |       |     1 ||     1
Armor: Scale mail        |    34 |    52 ||    86
Dodge: Dodged            |    28 |    49 ||    77
Block: Shield            |    39 |    83 ||   122

Table legend:
 A = Spawn XP
 B = Non-spawn XP
 C = Spawn XP percentage of total XP
 D = Spawn monster count
 E = Non-spawn monster count
 F = Spawn count percentage of total count
 G = Total turns spent on level
                    A         B        C        D         E        F      G
               +---------+---------+-------+---------+---------+-------+---------
         Total |       0 |     499 |   0.0 |       0 |      61 |   0.0 |  3871
               +---------+---------+-------+---------+---------+-------+---------
           D:1 |       0 |      24 |   0.0 |       0 |      16 |   0.0 |   959
           D:2 |       0 |      96 |   0.0 |       0 |      23 |   0.0 |   931
           D:3 |       0 |      20 |   0.0 |       0 |       9 |   0.0 |   778
           D:4 |       0 |     237 |   0.0 |       0 |      11 |   0.0 |   830
           D:5 |       0 |     122 |   0.0 |       0 |       2 |   0.0 |   373
               +---------+---------+-------+---------+---------+-------+---------
